 Dungeon Crawl Stone Soup version 0.29.1-1-gd02db6906a (webtiles) character file.

Game seed: 16574835588858438359

1148 warriortoast the Thaumaturge (level 8, 0/41 HPs)
             Began as a Deep Elf Conjurer on Oct 20, 2022.
             Slain by a two-headed ogre
             ... wielding a +0 giant club
              (13 damage)
             ... on level 6 of the Dungeon.
             The game lasted 00:13:54 (5776 turns).

warriortoast the Thaumaturge (Deep Elf Conjurer)    Turns: 5776, Time: 00:13:57

Health: 0/41       AC:  3    Str:  4    XL:     8   Next: 15%
Magic:  22/22      EV: 12    Int: 26    God:
Gold:   252        SH:  0    Dex: 13    Spells: 11/23 levels left

rFire   . . .      SeeInvis .   g - +4 short sword
rCold   . . .      Faith    .   (no shield)
rNeg    . . .      Spirit   .   a - +0 robe
rPois   .          Reflect  .   (no helmet)
rElec   .          Harm     .   (no cloak)
rCorr   .          Rampage  .   k - +0 pair of gloves
Will    .....                   (no boots)
Stlth   ++........              (no amulet)
HPRegen 0.13/turn               (no ring)
MPRegen 0.18/turn               (no ring)

@: no status effects
A: no striking features
a: no special abilities


You were on level 6 of the Dungeon.
You visited 1 branch of the dungeon, and saw 5 of its levels.

You collected 370 gold pieces.
You spent 118 gold pieces at shops.

Inventory:

Hand Weapons
 g - a +4 short sword (weapon)
Armour
 a - a +0 robe (worn)
 k - a +0 pair of gloves (worn)
Scrolls
 c - 4 scrolls of identify
 e - 2 scrolls of teleportation
 f - a scroll of vulnerability {unknown}
Potions
 b - 2 potions of magic
 d - 3 potions of curing
 h - a potion of berserk rage {unknown}
 i - 2 potions of heal wounds
 j - 2 potions of brilliance {unknown}
 l - 2 potions of mutation {unknown}
 m - a potion of attraction {unknown}
 n - a potion of lignification {unknown}
 o - a potion of ambrosia {unknown}


   Skills:
 - Level 2.4 Dodging
 - Level 2.4 Stealth
 + Level 8.0 Spellcasting
 + Level 7.7 Conjurations
 + Level 6.7 Hexes


You had 11 spell levels left.
You knew the following spells:

 Your Spells              Type           Power      Damage    Failure   Level
a - Magic Dart            Conj           100%       1d8       1%          1
b - Dazzling Flash        Conj/Hex       96%        N/A       1%          3
c - Fulminant Prism       Conj/Hex       24%        3d13      2%          4
d - Iskenderun's Mystic   Conj/Tloc      30%        2d8       12%         4

Your spell library contained the following spells:

 Spells                   Type           Power      Damage    Failure   Level
 Searing Ray              Conj           100%       2d8       1%          2
 Apportation              Tloc           20%        N/A       5%          1
 Necrotise                Necr           40%        1d6       5%          1
 Summon Small Mammal      Summ           40%        N/A       5%          1


Dungeon Overview and Level Annotations

Branches:
Dungeon (6/15)
 Temple: D:4-7

Altars:
Cheibriados
Dithmenos
Hepliaklqana
Nemelex Xobeh
Qazlal
Wu Jian
The Shining One

Shops:
D:2 *[*=[   D:3 :

Annotations:
D:6 Grinder


Message History

The iguana is knocked back by the mystic blast.
The iguana attacks as you move away! The iguana barely misses you.
Casting: Iskenderun's Mystic Blast (quite dangerous; 12% risk of failure)
Confirm with . or Enter, or press ? or * to list all spells.
The spell is quite dangerous to miscast (12% risk of failure)!
Continue anyway?
Uppercase [Y]es or [N]o only, please.
The spell is quite dangerous to miscast (12% risk of failure)!
Continue anyway?
You erupt in a blast of force!
The mystic blast hits the iguana!
The iguana is severely wounded.
The iguana is knocked back by the mystic blast.
Casting: Iskenderun's Mystic Blast (quite dangerous; 12% risk of failure)
Confirm with . or Enter, or press ? or * to list all spells.
You don't have enough magic to cast this spell.
Casting: Iskenderun's Mystic Blast (quite dangerous; 12% risk of failure)
Confirm with . or Enter, or press ? or * to list all spells.
Aiming: Fulminant Prism (dangerous; 3% risk of failure)
Press: ? - help, Dir - move target You conjure a prism of explosive energy!
A fulminant prism comes into view.
You closely miss the iguana.
The iguana is severely wounded.
The iguana barely misses you.
Your fulminant prism crackles loudly.
The iguana bites you.
You barely miss the iguana. You punch the iguana, but do no damage.
The iguana is severely wounded.
Your fulminant prism explodes!
The blast of energy engulfs the iguana!!
You kill the iguana!
You see here an iguana corpse.
There is a stone staircase leading down here.
You start resting.
Magic restored.
You climb downwards.
Level annotation: Grinder The two-headed ogre shouts in stereo!
The two-headed ogre hits you with a +0 giant club!!
Ouch! That really hurt!
The two-headed ogre hits you with a +0 giant club!
You die...

#............## #.
##...####....# #.
###)# ###### ##
####.######
#.........#
#.........#
#.).).....#
#.........#
#.@.......#
#O...5....#########
#..................
#..................
#..................
#.........#########
########### # #


You could see a two-headed ogre and a shadow imp.

Vanquished Creatures
  A troll (D:6)
  An ogre (D:6)
  2 ice beasts
  A scorpion (D:5)
  A wyvern skeleton (D:6)
  3 hounds
  A bullfrog skeleton (D:6)
  3 iguanas
  Natasha (thrice) (D:2)
  An orc wizard (D:5)
  A killer bee zombie (D:6)
  9 adders
  A dart slug (D:1)
  8 orcs
  6 endoplasms
  5 giant cockroaches (D:3)
  4 goblins
  11 hobgoblins
  14 jackals
  2 quokkas
  6 ball pythons
  7 bats
  A frilled lizard (D:3)
  3 kobolds
  4 rats
99 creatures vanquished.

Vanquished Creatures (collateral kills)
  A centaur (D:6)
1 creature vanquished.

Vanquished Creatures (others)
  13 fulminant prisms
  4 withered plants (D:6)
17 creatures vanquished.

Grand Total: 117 creatures vanquished

Notes
Turn   | Place    | Note
-------+----------+-------------------------------------------
     0 | D:1      | warriortoast the Deep Elf Conjurer began the quest for the
                  | Orb.
     0 | D:1      | Reached XP level 1. HP: 10/10 MP: 6/6
   279 | D:1      | Reached XP level 2. HP: 15/15 MP: 4/8
   774 | D:1      | Reached skill level 4 in Spellcasting
   838 | D:1      | Reached skill level 5 in Conjurations
   838 | D:1      | Reached XP level 3. HP: 15/19 MP: 6/10
   842 | D:1      | Learned a level 3 spell: Dazzling Flash
  1238 | D:2      | Found Ytsuwae's Jewellery Boutique.
  1468 | D:2      | Found Ubietot's General Store.
  1472 | D:2      | Bought a potion of heal wounds for 60 gold pieces
  1472 | D:2      | Bought a scroll of identify for 24 gold pieces
  1501 | D:2      | Reached skill level 1 in Hexes
  1636 | D:2      | Found Poufu's Antique Armour Boutique.
  2022 | D:2      | Noticed Natasha
  2026 | D:2      | Killed Natasha
  2027 | D:2      | Reached XP level 4. HP: 24/24 MP: 6/12
  2201 | D:2      | Found Opuiqaim's Antique Armour Boutique.
  2371 | D:2      | Found Puokhlo's Assorted Antiques.
  2379 | D:2      | Bought a scroll of identify for 34 gold pieces
  2542 | D:2      | Noticed Natasha
  2551 | D:2      | Killed Natasha
  2576 | D:2      | Noticed Natasha
  2582 | D:2      | Killed Natasha
  2583 | D:2      | Reached skill level 5 in Spellcasting
  2583 | D:2      | Reached XP level 5. HP: 11/28 MP: 2/14
  2830 | D:2      | Learned a level 4 spell: Fulminant Prism
  2835 | D:2      | Learned a level 4 spell: Iskenderun's Mystic Blast
  3139 | D:3      | Found Xiof's Book Boutique.
  3823 | D:3      | Identified the +1 ring mail "Denneps" {MP+9 Int+4 Dex+2}
  3908 | D:3      | You fall into a shaft and drop 3 floors!
  3922 | D:6      | Noticed an ogre
  3927 | D:6      | Killed an ogre
  3928 | D:6      | Reached XP level 6. HP: 32/32 MP: 7/16
  3932 | D:6      | Noticed a steam dragon
  3932 | D:6      | Noticed a water moccasin
  3958 | D:6      | Reached skill level 6 in Spellcasting
  4008 | D:6      | Noticed an ice beast
  4009 | D:6      | Noticed a two-headed ogre
  4012 | D:6      | Killed an ice beast
  4013 | D:6      | Reached XP level 7. HP: 3/36 MP: 11/18
  4036 | D:5      | Entered Level 5 of the Dungeon
  4291 | D:5      | Found an ornate altar of the Wu Jian Council.
  4325 | D:5      | Reached skill level 5 in Hexes
  4673 | D:5      | Found a glowing golden altar of the Shining One.
  4796 | D:6      | Noticed a troll
  4803 | D:6      | Killed a troll
  4804 | D:6      | Reached skill level 7 in Spellcasting
  4807 | D:6      | Noticed Grinder
  5336 | D:5      | Found a stormy altar of Qazlal.
  5339 | D:5      | Found a shadowy altar of Dithmenos.
  5341 | D:5      | Found a sparkling altar of Nemelex Xobeh.
  5357 | D:5      | Found a hazy altar of Hepliaklqana.
  5360 | D:5      | Found a snail-covered altar of Cheibriados.
  5544 | D:5      | Reached XP level 8. HP: 30/41 MP: 14/21
  5594 | D:6      | Reached skill level 8 in Spellcasting
  5776 | D:6      | Slain by a two-headed ogre

Illustrated notes

Levels and vault maps discovered:
D:1:      amcnicky_arrival_single_pillar, layout_basic, minmay_tromino_v4_c
D:2:      layout_basic, serial_shops, shop, shop,
          nicolae_shop_temple_entry_statues_fountains, shop,
          nicolae_shop_hallway_plus, minmay_stone_trees_small,
          chequers_decorated_corner, uniq_natasha
D:3:      layout_loops_ring, serial_shops, nicolae_shop_hallway_stairs,
          minmay_circle_x
D:5:      layout_cave_pods, amcnicky_altar_gilded, okawaru_metal_pillars_1_2,
          nzn_wu_jian_council_hall, minmay_overflow_temple_star_hex,
          amethyst_killhole, kennysheep_generic_room_2
D:6:      layout_rooms, lemuel_zombie_altar_kikubaaqudgha, serial_undead,
          serial_undead_c, serial_undead_d, serial_undead_b, serial_undead_d,
          portal_sewer_entry_f, uniq_grinder

Skill      XL: |  1  2  3  4  5  6  7  8 |
---------------+-------------------------+-----
Spellcasting   | 4 5 6 7 8 |  8.0
Conjurations   | 5 6 7 |  7.7
Hexes          | 1 2 4 6 |  6.7
Dodging        | |  2.4
Stealth        | |  2.4

Action                   |  1- 3 |  4- 6 |  7- 9 || total
-------------------------+-------+-------+-------++-------
Melee: Unarmed           |       |     1 |       ||     1
       Short sword       |       |       |     2 ||     2
       Punch             |       |       |     1 ||     1
 Cast: Magic Dart        |    81 |   101 |    30 ||   212
       Fulminant Prism   |       |     2 |    12 ||    14
       Iskenderun's Myst |       |       |     5 ||     5
  Use: Scroll            |     2 |     4 |       ||     6
       Potion            |       |       |     1 ||     1
Armor: Robe              |     1 |     7 |     5 ||    13
Dodge: Dodged            |     6 |    23 |    40 ||    69
